 Dungeon Crawl Stone Soup version 0.30-a0-1016-gfb0d676c02 (webtiles) character file.

Game seed: 5273686565418911137

2434 Hubris850 the Thaumaturge (level 9, -8/57 (62) HPs)
             Began as a Purple Draconian Venom Mage on Apr 6, 2023.
             Was a Believer of Ashenzari.
             Mangled by a wight
             ... wielding a +3 falchion of freezing
              (9 damage)
             ... on level 6 of the Dungeon.
             The game lasted 00:24:41 (7289 turns).

Hubris850 the Thaumaturge (DrVM)                    Turns: 7289, Time: 00:24:41

HP:   -8/57 (62)    AC: 10    Str: 10    XL:     9   Next: 24%
MP:   40/40         EV: 13    Int: 21    God:    Ashenzari [**....]
Gold: 274           SH:  0    Dex: 11    Spells: 16/26 levels left

rFire   . . .      SeeInvis +    j - +0 short sword of Ashenzari's Stickiness {Evo, Elem} (curse)
rCold   . . .      Faith    .    (no shield)
rNeg    . . .      Spirit   .    (body armour unavailable)
rPois   .          Reflect  .    (helmet restricted)
rElec   .          Rampage  .    (no cloak)
rCorr   .                        F - +0 pair of gloves
Will    +....                    G - +1 pair of boots
Stlth   ++                       (no amulet)
HPRegen 0.29/turn                B - ring "Behold Eternity" {MP+9, Elem, Cun} (curse)
MPRegen 0.27/turn                p - ring "Thunder Perfect Mind" {MP+9, Self, Evo} (curse)

@: drained
A: breathe power, AC +7, unfitting armour, cold-blooded
a: Breathe Dispelling Energy, Renounce Religion, Curse Item, Shatter the Chains


You were on level 6 of the Dungeon.
You worshipped Ashenzari.
Ashenzari was pleased with you.
You visited 1 branch of the dungeon, and saw 7 of its levels.

You collected 274 gold pieces.

Inventory:

Hand Weapons
 f - a +0 dagger
 j - the cursed +0 short sword of Ashenzari's Stickiness (weapon) {Evo, Elem}
   (You took it off a kobold on level 2 of the Dungeon)

   It has a curse which improves the following skills: Evocations: Evocations.
   Elements:  Fire Magic, Ice Magic, Air Magic and Earth Magic.
 I - a +0 dagger of protection
Missiles
 m - 20 poisoned darts
 q - 4 boomerangs
 A - a curare-tipped dart
 C - 2 atropa-tipped darts
Armour
 F - a +0 pair of gloves (worn)
 G - a +1 pair of boots (worn)
Jewellery
 e - a ring of wizardry
 h - a ring of wizardry
 k - a ring of poison resistance
 p - the cursed ring "Thunder Perfect Mind" (right hand) {MP+9, Self, Evo}
   (You found it on level 4 of the Dungeon)

   [ring of magical power]

   MP:        It affects your magic capacity (+9).
   It has a curse which improves the following skills: Introspection: Fighting
   and Spellcasting.
   Evocations: Evocations.
 y - a ring of protection from fire
 B - the cursed ring "Behold Eternity" (left hand) {MP+9, Elem, Cun}
   (You found it on level 5 of the Dungeon)

   [ring of magical power]

   MP:        It affects your magic capacity (+9).
   It has a curse which improves the following skills: Elements: Fire Magic, Ice
   Magic, Air Magic and Earth Magic.
   Cunning:   Dodging and Stealth.
Wands
 x - a wand of iceblast (6)
 E - a wand of flame (18)
Scrolls
 c - 3 scrolls of fog
 d - 3 scrolls of identify
 g - 3 scrolls of vulnerability
 i - a scroll of silence
 l - a scroll of amnesia
 n - 2 scrolls of teleportation
 o - 2 scrolls of fear
 s - 2 scrolls of poison
 t - a scroll of blinking
Potions
 a - a potion of magic
 b - a potion of invisibility
 r - a potion of brilliance
 u - 2 potions of heal wounds
 v - 2 potions of curing
 w - a potion of flight
 z - a potion of cancellation
 D - 2 potions of mutation
 H - a potion of berserk rage


   Skills:
 - Level 4.0(5.0) Dodging
 - Level 3.0(4.0) Stealth
 + Level 8.0(9.2) Spellcasting
 - Level 3.0 Transmutations
 + Level 4.2(5.8) Ice Magic
 + Level 7.6 Poison Magic
 - Level 2.5(4.0) Evocations


You had 16 spell levels left.
You knew the following spells:

 Your Spells              Type           Power      Damage    Failure   Level
a - Sting                 Tmut/Pois      100%       1d8       1%          1
b - Poisonous Vapours     Pois/Air       52%        N/A       2%          2
c - Olgreb's Toxic Radia  Pois           41%        N/A       3%          4
d - Frozen Ramparts       Ice            68%        1d11      1%          3

Your spell library contained the following spells:

 Spells                   Type           Power      Damage    Failure   Level
 Freeze                   Ice            100%       1d10      1%          1
 Hailstorm                Conj/Ice       21%        3d6       6%          3
 Slow                     Hex            36%        N/A       7%          1
 Mephitic Cloud           Conj/Pois/Air  20%        N/A       7%          3
 Vhi's Electric Charge    Tloc/Air       20%        N/A       21%         3
 Confusing Touch          Hex            9%         N/A       22%         3
 Vampiric Draining        Necr           9%         2d6       22%         3
 Arcjolt                  Conj/Air       5%         1d15      88%         5
 Maxwell's Capacitive Co  Air            5%         ∞         100%        8


Dungeon Overview and Level Annotations

Branches:
Dungeon (7/15)             Temple (0/1) D:6

Altars:
Ashenzari
Dithmenos
Okawaru

Shops:
D:5 :(   D:6 :

Annotations:
D:4 3 runed translucent doors, mandoloar's ghost, amateur OpTm
D:5 exclusions: door and ice beast


Innate Abilities, Weirdness & Mutations

You can breathe bolts of dispelling energy.
Your rich purple scales are hard. (AC +7)
You cannot fit into any form of body armour.
You are cold-blooded and may be slowed by cold attacks.


Message History

The wight barely misses you.
You closely miss the wight.
You tail-slap the wight, but do no damage.
The wight hits you with a +3 falchion of freezing!
The wight freezes you.
You hit the wight. You tail-slap the wight.
The wight is moderately damaged.
The wight hits you with a +3 falchion of freezing!
You feel drained. The wight freezes you.
You closely miss the wight.
You tail-slap the wight, but do no damage.
The wight is moderately damaged.
The wight hits you with a +3 falchion of freezing.
You feel yourself slow down. The wight freezes you.
You hit the wight.
The wight is heavily damaged.
The wight barely misses you.
The wight hits you with a +3 falchion of freezing!
* * * LOW HITPOINT WARNING * * *
You feel drained. The wight freezes you.
* * * LOW HITPOINT WARNING * * *
You hit the wight but do no damage.
Your tail-slap misses the wight.
You punch the wight, but do no damage.
The wight is heavily damaged.
You feel yourself speed up. The wight barely misses you.
You barely miss the wight.
You tail-slap the wight, but do no damage.
The wight is heavily damaged.
The wight closely misses you.
You closely miss the wight.
The wight is heavily damaged.
The wight hits you with a +3 falchion of freezing!
* * * LOW HITPOINT WARNING * * *
The wight freezes you.
* * * LOW HITPOINT WARNING * * *
You hit the wight but do no damage.
The wight is heavily damaged.
The wight hits you with a +3 falchion of freezing!
You die...

........# ##.###.####..⌠...⌠..#..
.####.### #.....####.........##.
.# #.# #####.##......>....... .#
##.##########....#.........#.. .#
#.............####..)...⌠..##. ##
#..##########.#...............
.###..# #######.#.##.........##.
..##..####..........##.##.##.###.
...........#####@###.#....#..###.
..#..#####.#####z###.##..........
.##............<......##.######..
###..<...<...#...........# #.. #
#.######)#.#.#####..#########..
#.....).)[...# #.........##..
#.####.#)#.#.# #..####.....>. #.#
##.#....># #..##...#.###. #.#
#......#.#####..#.....#.##.


You could see a wight.

Vanquished Creatures
  A steam dragon (D:6)
  Duvessa (D:7)
  4 water moccasins
  2 sky beasts
  3 ogres
  3 phantoms
  3 kobold brigands (D:5)
  A gnoll sergeant (D:6)
  4 scorpions
  Dowan (D:7)
  A howler monkey (D:6)
  5 hounds
  An orc priest (D:5)
  2 jellies
  A sleepcap (D:5)
  An iguana (D:5)
  3 adders
  9 gnolls
  A shadow imp (D:6)
  2 white imps (D:6)
  4 worms (D:2)
  4 dart slugs
  7 orcs
  8 bats
  9 endoplasms
  A giant cockroach (D:2)
  10 hobgoblins
  3 jackals (D:4)
  14 kobolds
  5 quokkas
  A ball python (D:3)
  4 frilled lizards (D:3)
  9 goblins
  7 rats
135 creatures vanquished.

Vanquished Creatures (others)
  5 fungi (D:5)
  12 toadstools (D:5)
17 creatures vanquished.

Grand Total: 152 creatures vanquished

Notes
Turn   | Place    | Note
-------+----------+-------------------------------------------
     0 | D:1      | Hubris850 the Draconian Venom Mage began the quest for the
                  | Orb.
     0 | D:1      | Reached XP level 1. HP: 14/14 MP: 3/3
   247 | D:1      | Reached XP level 2. HP: 20/20 MP: 1/5
   421 | D:1      | Learned a level 2 spell: Poisonous Vapours
   838 | D:1      | Reached XP level 3. HP: 26/26 MP: 0/6
  1417 | D:2      | Found a faded altar of an unknown god.
  1551 | D:2      | Prayed at the altar of an unknown god.
  1551 | D:2      | Became a worshipper of Ashenzari the Shackled
  1646 | D:2      | Found a shadowy altar of Dithmenos.
  1797 | D:2      | Reached XP level 4. HP: 8/33 MP: 0/7
  1943 | D:2      | Learned a level 4 spell: Olgreb's Toxic Radiance
  3141 | D:3      | Found an iron altar of Okawaru.
  3266 | D:4      | Noticed a phantom
  3266 | D:4      | Noticed an ogre
  3279 | D:4      | Killed an ogre
  3280 | D:4      | Reached skill level 3 in Spellcasting
  3280 | D:4      | Reached XP level 5. HP: 38/38 MP: 2/9
  3406 | D:3      | Killed a phantom
  3407 | D:3      | Reached XP level 6. HP: 14/45 MP: 10/10
  3581 | D:4      | Reached * piety under Ashenzari
  4021 | D:4      | Found a shadowy altar of Dithmenos.
  4240 | D:4      | Your scales start taking on a rich purple colour.
  4240 | D:4      | Reached skill level 4 in Spellcasting
  4240 | D:4      | Reached XP level 7. HP: 45/50 MP: 15/15
  4301 | D:4      | Noticed mandoloar's ghost (amateur OpTm)
  4306 | D:4      | Found a runed translucent gate.
  4306 | D:4      | Found a runed translucent gate.
  4306 | D:4      | Found a runed translucent gate.
  4627 | D:5      | Entered Level 5 of the Dungeon
  4699 | D:5      | Reached skill level 5 in Spellcasting
  4699 | D:5      | Reached skill level 5 in Poison Magic
  4848 | D:5      | Noticed a slime creature
  4848 | D:5      | Noticed a slime creature
  4895 | D:5      | Found Torulenk's Vocational Training.
  5090 | D:5      | Reached skill level 1 in Evocations
  5135 | D:5      | Found Hill's Weapon Emporium.
  5180 | D:5      | Reached skill level 6 in Spellcasting
  5180 | D:5      | Reached XP level 8. HP: 14/57 MP: 18/18
  5341 | D:4      | Reached ** piety under Ashenzari
  5934 | D:5      | Learned a level 3 spell: Frozen Ramparts
  6089 | D:6      | Reached skill level 1 in Ice Magic
  6112 | D:6      | Found Raocug's Self-Improvement Boutique.
  6141 | D:6      | Found a staircase to the Ecumenical Temple.
  6173 | D:6      | Reached skill level 7 in Spellcasting
  7045 | D:6      | Reached XP level 9. HP: 50/62 MP: 21/21
  7052 | D:7      | Noticed Duvessa
  7175 | D:7      | Noticed Dowan
  7177 | D:7      | Killed Duvessa
  7186 | D:7      | Killed Dowan
  7209 | D:7      | Reached skill level 8 in Spellcasting
  7288 | D:6      | HP: 2/57 [wight/+3 falchion of freezing (8)]
  7289 | D:6      | Mangled by a wight

Illustrated notes

Levels and vault maps discovered:
D:1:      dpeg_chamrin_arrival_tetris, layout_basic
D:2:      layout_basic, basic_altar, ebering_ecumenical_altar_webs
D:3:      layout_rooms, okawaru_metal_pillars_1_2, nicolae_figureground_sparkle
D:4:      layout_basic, mainiacjoe_overflow_surrounded_room,
          gammafunk_ghost_split, minmay_misc_feat_plants,
          amcnicky_mini_rare_corridor_liquid
D:5:      cheibrodos_fertilizer, layout_loops_ring, serial_shops,
          nicolae_shop_bloodbath_and_beyond, nicolae_shop_vocational
D:6:      minmay_angry_zag, layout_loops_ring, minmay_temple_entry_large_hall,
          nicolae_shop_self_help
D:7:      layout_basic, mainiacjoe_overflow_alcove_4, serial_glass,
          glass_columns_b, glass_columns_a, minmay_strange_pillars,
          minmay_strange_pillars, due_unseen_surprise, uniq_duvessa

Skill      XL: |  1  2  3  4  5  6  7  8  9 |
---------------+----------------------------+-----
Stealth        | 2 3 |  3.0
Dodging        | 2 3 4 |  4.0
Transmutations | 2 3 |  3.0
Spellcasting   | 3 4 6 7 8 |  8.0
Poison Magic   | 4 5 7 |  7.6
Evocations     | 2 |  2.5
Ice Magic      | 3 4 |  4.2

Action                     |  1- 3 |  4- 6 |  7- 9 || total
---------------------------+-------+-------+-------++-------
  Melee: Unarmed           |    11 |       |       ||    11
         Tailslap          |     6 |    13 |    31 ||    50
         Dagger            |    14 |       |       ||    14
         Short sword       |     9 |   115 |   150 ||   274
         Punch             |       |     2 |     2 ||     4
   Cast: Sting             |    79 |    76 |    70 ||   225
         Poisonous Vapours |     8 |     6 |    18 ||    32
         Olgreb's Toxic Ra |       |     4 |    14 ||    18
         Frozen Ramparts   |       |       |     4 ||     4
 Invoke: Curse Item        |     1 |     1 |     1 ||     3
Ability: Breathe Dispellin |       |       |     4 ||     4
  Evoke: Wand              |       |       |     2 ||     2
    Use: Potion            |       |     2 |     1 ||     3
         Scroll            |       |     1 |       ||     1
   Stab: Sleeping          |       |     3 |     3 ||     6
         Distracted        |       |     1 |       ||     1
 Armour: Skin              |    14 |    40 |    55 ||   109
  Dodge: Dodged            |    38 |    78 |   150 ||   266

Table legend: (Time is in decaauts)
 A = Elapsed time spent in this place.
 B = Non-inter-level travel time spent in this place.
 C = Inter-level travel time spent in this place.
 D = Time resting spent in this place.
 E = Time spent auto-exploring this place.
 F = Levels seen in this place.
 G = Mean time per level.
                   A        B        C        D        E       F      G
               +--------+--------+--------+--------+--------+-----+--------+
         Total |   7301 |   7117 |    184 |   1243 |   4581 |   7 | 1043.0 |
       Dungeon |   7301 |   7117 |    184 |   1243 |   4581 |   7 | 1043.0 |
               +--------+--------+--------+--------+--------+-----+--------+

Top non-repeatable levels by time:
     D:4: 1522 daAuts
     D:2: 1330 daAuts
     D:6: 1269 daAuts
     D:1: 1262 daAuts
     D:5: 1097 daAuts
     D:3: 708 daAuts
     D:7: 110 daAuts
